 Dungeon Crawl Stone Soup version 0.14-a0-3491-gb7ac591 (webtiles) character file.

2471 Duskembrace the Basher (level 9, -2/52 HPs)
             Began as a Gargoyle Berserker on Mar 25, 2014.
             Was a High Priest of Trog.
             Slain by a hippogriff (3 damage)
             ... on Level 7 of the Dungeon.
             The game lasted 00:27:59 (6150 turns).

Duskembrace the Basher (Gargoyle Berserker)         Turns: 6150, Time: 00:27:59

HP  -2/52        AC 15     Str 24      XL: 9   Next: 33%
MP   9/9         EV 10     Int 10      God: Trog [*****.]
Gold 283         SH  0     Dex 10      Spells:  0 memorised,  8 levels left

rFire  . . .     SeeInvis .     a - +0 mace
rCold  . . .     Clarity  .     i - +0 ring mail
rNeg   + . .     Conserve .     (no shield)
rPois  +         rCorr    +     n - +0 helmet {Int+3}
rElec  +         rRot     +     l - +1 cloak (curse)
SustAb . .       Spirit   .     I - +0 pair of gloves
rMut   .         Warding  .     (no boots)
Saprov . . .     Stasis   .     r - amulet of resist corrosion {unknown}
MR     +....                    (no ring)
                                G - ring of protection from magic {unknown}

@: exhausted, slowed, very slow, somewhat resistant to hostile enchantments,
extremely unstealthy
A: life protection 1, electricity resistance, unbreathing, petrification
resistance, AC +5
a: Burn Spellbooks, Berserk, Trog's Hand, Brothers in Arms, Renounce Religion


You were on level 7 of the Dungeon.
You worshipped Trog.
Trog was extremely pleased with you.
You were near starving.

You visited 1 branch of the dungeon, and saw 7 of its levels.
You also visited: Ossuary.

You collected 283 gold pieces.

Inventory:

Hand weapons
 a - a +0,+0 mace (weapon)
 q - a +0,+0 flail
Missiles
 h - 27 darts (quivered)
Armour
 b - a +0 animal skin
 i - a +0 ring mail (worn)
 l - a cursed +1 cloak (worn)
 n - a +0 helmet of intelligence (worn)
 p - a cursed +0 robe of cold resistance
 t - a -1 shield
 E - a +0 chain mail
 I - a +0 pair of gloves (worn)
Magical devices
 z - a wand of flame (13) {unknown}
 D - a wand of confusion (11) {unknown}
Comestibles
 c - 5 bread rations
 w - 3 meat rations
Scrolls
 d - 6 scrolls of identify {unknown}
 e - a scroll of fog
 k - a scroll of immolation {unknown}
 o - 2 scrolls of teleportation {unknown}
 s - 2 scrolls of enchant armour {unknown}
 u - a scroll of summoning {unknown}
 v - a scroll of recharging {unknown}
 y - 3 scrolls of enchant weapon II {unknown}
 A - a scroll of magic mapping {unknown}
 B - 4 scrolls of remove curse
Jewellery
 r - an amulet of resist corrosion (around neck) {unknown}
 G - a ring of protection from magic (left hand) {unknown}
Potions
 g - 6 potions of curing
 j - 2 potions of might {unknown}
 m - 2 potions of flight {unknown}
 x - a potion of lignification {unknown}
 C - 2 potions of poison {unknown}
 F - 2 potions of berserk rage {unknown}
 H - a potion of magic {unknown}
 J - 4 potions of heal wounds {unknown}
 K - a potion of paralysis {unknown}
 L - 2 potions of confusion {unknown}


   Skills:
 - Level 4.0 Fighting
 + Level 12.7 Maces & Flails
 + Level 1.2 Throwing
 - Level 2.5 Armour
 - Level 2.0 Dodging
 - Level 0.2 Stealth


You had 8 spell levels left.
You didn't know any spells.

Dungeon Overview and Level Annotations

Branches:
Dungeon (7/15)             Temple (0/1) D:6

Altars:
Ashenzari
Fedhas
Makhleb
Trog
Xom
The Shining One

Shops:
D:6 =

Annotations:
D:7 Joseph


Innate Abilities, Weirdness & Mutations

You are resistant to torment.
You are immune to poison.
Your stone body is very resilient (AC +5).
You resist negative energy.
You are resistant to electric shocks.
You can survive without breathing.
You are immune to petrification.


Message History

The hippogriff bites you but does no damage.
The hippogriff pecks you but does no damage.
The hippogriff claws you but does no damage.
Drink which item? (? for menu, Esc to quit)
You feel better.
It was a potion of curing.
Joseph closely misses you. The hippogriff bites you.
* * * LOW HITPOINT WARNING * * *
The hippogriff pecks you but does no damage.
The hippogriff claws you.
* * * LOW HITPOINT WARNING * * *
Drink which item? (? for menu, Esc to quit)
You feel better.
Joseph hits you with an uncursed quarterstaff of draining!
* * * LOW HITPOINT WARNING * * *
The hippogriff barely misses you. The hippogriff pecks you.
* * * LOW HITPOINT WARNING * * *
The hippogriff barely misses you.
The hippogriff bites you but does no damage.
The hippogriff pecks you.
You die...

...####....########...#####
...# #....#......#...# ...#
#....#......#...# ...#
#....#......#...#########
...#
#....#......#............
...#
#....#<.....#.###########
...# #....#......#.# ...#
#....#......#.# ...# #..
#(.(H@@#.# ...#
#....#'######(#
...####.............#
....................#
###.############....# #.#
#....# #.# #....# #.#
#...... ###.# #......


You could see Joseph and a hippogriff.

Vanquished Creatures
  The ghost of flammableBen the Conjurer, an experienced HECj (D:6)
  The ghost of mar5o the Sneak, an experienced DEIE (D:5)
  A necrophage (D:6)
  2 phantoms (D:4)
  Sigmund (D:3)
  Duvessa (D:5)
  2 giant frogs (D:6)
  2 water moccasin zombies (Ossuary)
  Dowan (D:5)
  2 crimson imps
  A centaur zombie (D:5)
  2 hounds
  3 orc priests
  2 jellies
  5 orc wizards
  An iguana (D:6)
  A worker ant (D:6)
  3 big kobold zombies (Ossuary)
  Jessica (D:2)
  2 mummies (Ossuary)
  6 adders
  7 gnolls
  7 orc zombies
  3 giant mites
  2 inept feature mimics
  A shadow imp (D:6)
  2 worms
  7 adder zombies
  A giant eyeball (D:4)
  2 giant geckos
  An ooze (D:2)
  24 orcs
  A bat skeleton (D:7)
  7 giant cockroaches
  7 goblins
  11 hobgoblins
  A quokka (D:6)
  2 ball pythons
  6 bats
  9 giant newts
  5 gnoll zombies (Ossuary)
  8 hobgoblin zombies
  4 jackals (D:5)
  A jackal skeleton (D:6)
  8 kobolds
  4 kobold zombies (Ossuary)
  14 rats
  A rat zombie (D:5)
  4 ballistomycetes (D:6)
191 creatures vanquished.

Vanquished Creatures (others)
  2 giant spores (D:6)
2 creatures vanquished.

Grand Total: 193 creatures vanquished

Notes
Turn   | Place    | Note
--------------------------------------------------------------
     0 | D:1      | Duskembrace, the Gargoyle Berserker, began the quest for the Orb.
     0 | D:1      | Reached XP level 1. HP: 14/14 MP: 1/1
   323 | D:1      | Reached XP level 2. HP: 19/19 MP: 2/2
   695 | D:2      | Noticed Jessica
   698 | D:2      | Killed Jessica
   698 | D:2      | Acquired Trog's second power
   698 | D:2      | Reached skill level 4 in Fighting
   698 | D:2      | Reached XP level 3. HP: 22/24 MP: 3/3
   844 | D:2      | Found a blossoming altar of Fedhas.
  1231 | D:2      | Found a glowing golden altar of the Shining One.
  1232 | D:2      | Found a bloodstained altar of Trog.
  1236 | D:2      | Found a shattered altar of Ashenzari.
  1301 | D:2      | Reached XP level 4. HP: 16/29 MP: 4/4
  1578 | D:3      | Reached skill level 5 in Maces & Flails
  1578 | D:3      | Reached XP level 5. HP: 6/33 MP: 5/5
  2019 | D:3      | Found a burning altar of Makhleb.
  2339 | D:3      | Reached skill level 6 in Maces & Flails
  2366 | D:3      | Found a shimmering altar of Xom.
  2425 | D:3      | Noticed Sigmund
  2434 | D:3      | Killed Sigmund
  2434 | D:3      | Reached XP level 6. HP: 38/38 MP: 6/6
  2509 | D:4      | Paralysed by a giant eyeball for 3 turns
  2516 | D:4      | Paralysed by a giant eyeball for 2 turns
  2569 | D:4      | Reached skill level 7 in Maces & Flails
  2999 | D:4      | Reached XP level 7. HP: 43/43 MP: 7/7
  3182 | D:4      | Reached skill level 8 in Maces & Flails
  3629 | D:5      | Entered Level 5 of the Dungeon
  3634 | D:5      | Noticed mar5o's ghost (experienced DEIE)
  3678 | D:5      | Killed mar5o's ghost
  3678 | D:5      | Reached skill level 9 in Maces & Flails
  3703 | D:5      | Noticed Duvessa
  3736 | D:5      | Killed Duvessa
  3736 | D:5      | Reached XP level 8. HP: 48/48 MP: 8/8
  3740 | D:5      | Noticed Dowan
  3751 | D:5      | Killed Dowan
  3959 | D:5      | Reached skill level 10 in Maces & Flails
  4058 | D:5      | Acquired Trog's third power
  4105 | D:5      | Found a burning altar of Makhleb.
  4510 | D:6      | Noticed flammableBen's ghost (experienced HECj)
  4521 | D:6      | Killed flammableBen's ghost
  4521 | D:6      | Reached skill level 11 in Maces & Flails
  4755 | D:6      | Found a staircase to the Ecumenical Temple.
  4792 | D:6      | Found Blatox's Jewellery Boutique.
  4975 | D:6      | Reached XP level 9. HP: 30/52 MP: 9/9
  5100 | D:6      | Reached skill level 12 in Maces & Flails
  5100 | D:6      | Reached skill level 1 in Throwing
  5679 | D:7      | Found a sand-covered staircase.
  5683 | Ossuary  | Entered an ossuary
  6086 | D:7      | Noticed Joseph
  6150 | D:7      | HP: 1/52 [hippogriff (5)]
  6150 | D:7      | Slain by a hippogriff

Action                   |  1- 3 |  4- 6 |  7- 9 || total
-------------------------+-------+-------+-------++-------
Melee: Mace              |   122 |    64 |   538 ||   724
       Flail             |       |    80 |       ||    80
Throw: Dart              |       |       |     1 ||     1
Invok: Berserk           |       |     3 |     5 ||     8
       Burn Spellbooks   |       |       |     2 ||     2
  Use: Scroll            |       |     3 |       ||     3
       Potion            |       |       |     2 ||     2
